 Dungeon Crawl Stone Soup version 0.25.0-9-g26727b657a (webtiles) character file.

Game seed: 6841228197208871937

95 Froggeryz the Ruffian (level 4, -1/28 HPs)
             Began as a Gargoyle Monk on June 18, 2020.
             Slain by Purgy (3 damage)
             ... in a sewer.
             The game lasted 00:02:53 (2459 turns).

Froggeryz the Ruffian (Gargoyle Monk)               Turns: 2459, Time: 00:02:53

Health: -1/28      AC:  9    Str: 16    XL:     4   Next: 66%
Magic:  4/4        EV: 11    Int: 10    God:
Gold:   139        SH:  0    Dex: 12    Spells: 3/3 levels left

rFire    . . .     SeeInvis .     - Unarmed
rCold    . . .     Gourm    .   (no shield)
rNeg     + . .     Faith    .   h - +0 ring mail
rPois    ∞         Spirit   .   (no helmet)
rElec    +         Reflect  .   (no cloak)
rCorr    .         Harm     .   f - +0 pair of gloves
MR       .....                  (no boots)
Stlth    +.........             (no amulet)
HPRegen  0.09/turn              k - ring of wizardry
MPRegen  0.09/turn              (no ring)

@: very slightly contaminated
A: negative energy resistance 1, electricity resistance, unbreathing,
petrification resistance, rot immunity, AC +3
a: no special abilities


You were in a sewer.
You were not hungry.

You visited 1 branch of the dungeon, and saw 3 of its levels.
You also visited: Sewer.

You collected 139 gold pieces.

Inventory:

Armour
 f - a +0 pair of gloves (worn)
 h - a +0 ring mail (worn)
Jewellery
 k - a ring of wizardry (left hand)
Scrolls
 c - 2 scrolls of noise
 g - 4 scrolls of enchant armour
Potions
 i - 2 potions of curing
Comestibles
 b - 2 rations
 l - a chunk of flesh


   Skills:
 - Level 3.2 Fighting
 - Level 2.4 Dodging
 - Level 2.1 Stealth
 * Level 5.2 Unarmed Combat


You had 3 spell levels left.
You didn't know any spells.
Your spell library was empty.

Dungeon Overview and Level Annotations

Branches:
Dungeon (3/15)              Sewer (1/1)

Altars:
Qazlal

Annotations:
Sewer Purgy


Innate Abilities, Weirdness & Mutations

You are resistant to torment.
Your stone body is resilient. (AC +3)
You are immune to poison.
You resist negative energy. (rN+)
You are resistant to electric shocks. (rElec)
You can survive without breathing.
You are immune to petrification.
You are immune to rotting.


Message History

Purgy bites you. Purgy closely misses you. Purgy claws you but does no damage.
You hit Purgy.
Purgy is moderately wounded.
Purgy closely misses you. Purgy misses you. Purgy claws you but does no damage.
You barely miss Purgy.
Purgy is moderately wounded.
Purgy bites you. Purgy claws you but does no damage. x2
You hit Purgy.
Purgy is heavily wounded.
Purgy bites you. Purgy claws you.
* * * LOW HITPOINT WARNING * * *
Purgy closely misses you.
You hit Purgy but do no damage.
Purgy is heavily wounded.
Purgy bites you.
* * * LOW HITPOINT WARNING * * *
Purgy claws you.
* * * LOW HITPOINT WARNING * * *
Purgy claws you.
You die...

#.# ####### #.#
##.....## #.#
#...≈...## #.#
...≈≈≈...#######.#
∩.≈≈≈≈≈.......§..#
..÷≈≈≈...#######.#
#...≈...## #T#
##.....## #@#
####### #.# ...
..... .......
#.......#
#.......#
#..$?$..#


You could see Purgy.

Vanquished Creatures
  2 adders (D:2)
  An ooze (D:1)
  2 worms
  2 dart slugs (D:1)
  2 leopard geckos (D:3)
  An orc (D:3)
  4 ball pythons (D:1)
  5 giant cockroaches (D:3)
  8 goblins
  2 hobgoblins
  2 jackals (D:1)
  9 bats
  4 frilled lizards
  10 kobolds
  4 rats
58 creatures vanquished.

Notes
Turn   | Place    | Note
-------+----------+-------------------------------------------
     0 | D:1      | Froggeryz the Gargoyle Monk began the quest for the Orb.
     0 | D:1      | Reached XP level 1. HP: 14/14 MP: 1/1
   378 | D:1      | Reached XP level 2. HP: 13/19 MP: 2/2
   682 | D:1      | Reached skill level 4 in Unarmed Combat
   684 | D:1      | Reached XP level 3. HP: 21/23 MP: 3/3
  1921 | D:2      | Reached XP level 4. HP: 25/28 MP: 4/4
  1928 | D:2      | Found a stormy altar of Qazlal.
  2166 | D:3      | Reached skill level 5 in Unarmed Combat
  2378 | D:3      | Found a glowing drain.
  2396 | Sewer    | Entered a sewer
  2429 | Sewer    | Noticed Purgy
  2459 | Sewer    | Slain by Purgy

Illustrated notes

Levels and vault maps discovered:
D:1:      dpeg_arrival_circle_labyrinth_b, layout_loops_ring
D:2:      layout_loops_ring, lemuel_coloured_pillars_altar
D:3:      layout_loops_ring, gup_sewer_entry_pipe, minivault_25,
          supply_closet_lemuel, uniq_crazy_yiuf_cottage, uniq_grinder
Sewer:    sewer_big_baddie

Skill      XL: |  1  2  3  4 |
---------------+-------------+-----
Unarmed Combat | 4 5 |  5.2
Fighting       | |  3.2
Dodging        | |  2.4
Stealth        | |  2.1

Action                   |  1- 3 |  4- 6 || total
-------------------------+-------+-------++-------
Melee: Unarmed           |   140 |   105 ||   245
       Punch             |     1 |     1 ||     2
  Use: Scroll            |       |     6 ||     6
       Potion            |       |     2 ||     2
 Stab: Sleeping          |     1 |       ||     1
  Eat: Chunk             |     3 |     2 ||     5
Armor: Robe              |    13 |       ||    13
       Ring mail         |    42 |    52 ||    94
Dodge: Dodged            |    95 |    83 ||   178
